AoeStats
← 念

Black Forest

510067333Analyzed
4v4 RM · 4d ago on Sep 29, 2026· 44m 13s· 8 players
Game mode
Random Map
Map size
Large (8 player)
Population
200
Speed
Normal
Resources
Standard
Victory
Conquest
Starting age
Dark Age
Ending age
Imperial Age
RankedLock teamsTeams togetherTeam positionsShared explorationLock speedFull tech treeHidden civsTurbo modeCheats
Victory
Defeat
🇭🇰 Britons · Hong Kong SAR China
1441
+10
🇨🇳 Spanish · China
1348
+13
🇨🇳 Celts · China
1215
+19
🇨🇳 Huns · China
1171
+20
🇲🇽 Khmer · Mexico
1336
-18
🇺🇸 Lithuanians · United States
1291
-16
🇳🇴 Japanese · Norway
1262
-15
🇩🇪 Danes · Germany
1233
-13
CTM | FullChow
9:21 Loom
12:09 Feudal Age
15:04 Castle Age
13:56 Double-Bit Axe
13:53 Horse Collar
16:11 Bow Saw
16:15 Heavy Plow
29:33 Pikeman
29:59 Arson
32:55 Imperial Age
31:01 Wheelbarrow
30:12 Town Watch
30:26 Gold Mining
30:27 Stone Mining
31:34 Scale Mail Armor
31:44 Forging
33:38 Chain Mail Armor
33:59 Iron Casting
33:12 Halberdier
35:28 Gold Shaft Mining
35:29 Stone Shaft Mining
35:33 Crop Rotation
35:29 Capped Ram
38:12 Blast Furnace
37:18 Scale Barding Armor
36:56 Light Cavalry
37:47 Bloodlines
37:38 Husbandry
38:49 Hand Cart
38:35 Town Patrol
41:31 Chain Barding Armor
41:17 Hussar
I ONLY MAKE SKIRMS
0:35 Loom
11:57 Feudal Age
12:40 Double-Bit Axe
15:47 Castle Age
14:31 Horse Collar
16:53 Bow Saw
21:14 Wheelbarrow
22:21 Hand Cart
23:12 Gold Mining
24:40 Town Watch
29:26 Imperial Age
27:37 Heavy Plow
28:08 Hill Forts
29:29 Scale Barding Armor
29:34 Forging
30:12 Bloodlines
30:02 Husbandry
29:51 Cavalier
29:57 Cavalier
30:59 Chain Barding Armor
32:09 Iron Casting
31:24 Paladin
34:20 Plate Barding Armor
33:35 Elite Skirmisher
35:24 Fletching
35:35 Padded Archer Armor
36:20 Thumb Ring
36:53 Bodkin Arrow
37:39 Leather Archer Armor
38:01 Bracer
38:33 Ballistics
37:42 Light Cavalry
venOm
10:28 Feudal Age
11:35 Double-Bit Axe
14:07 Castle Age
12:14 Horse Collar
14:58 Bow Saw
19:04 Heavy Plow
20:12 Wheelbarrow
20:39 Gold Mining
23:14 Hand Cart
23:11 Stone Mining
23:11 Loom
25:09 Gold Shaft Mining
28:18 Imperial Age
27:45 Squires
27:33 Arson
27:34 Gambesons
27:51 Scale Mail Armor
28:01 Forging
28:14 Pikeman
28:48 Onager
29:08 Elite Varangian Guard
30:09 Chain Mail Armor
30:29 Iron Casting
29:42 Halberdier
30:49 Conscription
30:40 Town Watch
30:49 Siege Onager
31:08 Man-at-Arms
32:18 Fletching
33:00 Siege Onager
33:10 Long Swordsman
34:57 Plate Mail Armor
34:33 Two-Handed Swordsman
34:46 Hamask
35:47 Bodkin Arrow
37:40 Champion
Gin
4:16 Loom
9:57 Feudal Age
10:12 Man-at-Arms
12:03 Arson
19:28 Castle Age
23:58 Scale Mail Armor
30:29 Imperial Age
28:15 Double-Bit Axe
29:33 Fletching
31:30 Conscription
32:13 Bow Saw
32:55 Ballistics
36:47 Horse Collar
37:26 Siege Engineers
38:22 Chemistry
39:24 Murder Holes
40:30 Bodkin Arrow
41:31 Gold Mining
43:17 Thumb Ring
43:15 Bracer
43:16 Padded Archer Armor
42:52 Elite Skirmisher
大平果是小菜鸡父亲
0:26 Loom
11:30 Feudal Age
15:27 Castle Age
14:01 Fletching
14:57 Double-Bit Axe
23:05 Bow Saw
23:08 Horse Collar
23:27 Gold Mining
28:57 Wheelbarrow
29:58 Gold Shaft Mining
34:37 Imperial Age
33:13 Bodkin Arrow
34:04 Ballistics
34:57 Yeomen
35:07 Padded Archer Armor
37:01 Chemistry
36:11 Elite Longbowman
37:17 Caravan
38:44 Crossbowman
40:10 Arbalester
41:17 Fortified Wall
42:57 Conscription
念
10:35 Feudal Age
14:15 Castle Age
12:30 Double-Bit Axe
12:59 Horse Collar
15:16 Bow Saw
15:13 Heavy Plow
15:42 Loom
23:26 Wheelbarrow
22:44 Gold Mining
24:47 Gold Shaft Mining
25:17 Hand Cart
25:06 Scale Mail Armor
25:16 Forging
25:57 Stone Mining
29:00 Imperial Age
26:53 Fervor
26:33 Town Watch
28:15 Chain Mail Armor
28:35 Iron Casting
29:22 Stone Shaft Mining
29:06 Onager
29:08 Capped Ram
30:12 Conscription
29:52 Siege Ram
30:20 Pikeman
30:46 Arson
31:32 Plate Mail Armor
32:02 Blast Furnace
31:42 Furor Celtica
32:29 Halberdier
33:54 Fletching
34:26 Ballistics
34:35 Bodkin Arrow
34:46 Padded Archer Armor
34:55 Siege Engineers
34:47 Sappers
37:07 Hoardings
37:39 Elite Woad Raider
42:04 Masonry
43:19 Caravan
43:31 Guilds
43:51 Coinage
457276870
1:07 Loom
10:53 Feudal Age
12:22 Double-Bit Axe
15:03 Castle Age
16:51 Horse Collar
17:26 Bow Saw
26:41 Heavy Plow
31:14 Imperial Age
30:15 Wheelbarrow
30:19 Coinage
30:25 Scale Barding Armor
30:31 Marauders
30:45 Bloodlines
30:35 Husbandry
30:37 Gold Mining
30:38 Stone Mining
32:44 Banking
35:04 Gold Shaft Mining
35:29 Chain Barding Armor
35:19 Forging
34:49 Cavalier
36:24 Conscription
37:03 Hand Cart
37:25 Plate Barding Armor
38:52 Chemistry
37:49 Murder Holes
39:07 Pikeman
39:48 Squires
40:05 Halberdier
40:44 Arson
41:24 Scale Mail Armor
41:15 Fletching
41:48 Ballistics
41:38 Masonry
42:22 Heavy Cavalry Archer
43:27 Parthian Tactics
43:09 Thumb Ring
44:11 Bodkin Arrow
44:17 Padded Archer Armor
长相犯罪
0:33 Loom
10:53 Feudal Age
12:06 Double-Bit Axe
15:38 Castle Age
13:35 Horse Collar
16:58 Bow Saw
17:16 Heavy Plow
17:54 Stone Mining
26:28 Wheelbarrow
25:41 Town Watch
27:28 Gold Mining
30:29 Imperial Age
28:19 Fletching
28:32 Scale Mail Armor
28:42 Forging
29:04 Hand Cart
29:40 Chain Mail Armor
28:46 Pikeman
29:13 Gambesons
31:07 Iron Casting
30:55 Ballistics
30:43 Squires
30:39 Halberdier
33:06 Plate Mail Armor
33:37 Blast Furnace
33:04 Conscription
34:00 Stone Shaft Mining
34:39 Two-Man Saw
34:35 Guilds
34:33 Elite Conquistador
35:04 Fletching
35:14 Padded Archer Armor
36:22 Chemistry
36:35 Caravan
36:59 Bodkin Arrow
37:19 Leather Archer Armor
38:00 Bracer
38:51 Masonry
39:14 Ring Archer Armor
42:48 Coinage
44:29 Banking
44:47 Scale Barding Armor
Connection lost

Rejoining the realm…

Still unreachable

The connection could not be restored.

Session expired

The server has moved on; the page needs a fresh start.